Map: Orbital Shipyard

Players

Requiem - Winner!

  • Race: Protoss Protoss
  • League: Diamond

LilDicky

  • Race: Terran Terran
  • League: Diamond

VOD

http://www.twitch.tv/tumescentpie

Description

Time

  • Played on: Nov. 26, 2015, 1:37 p.m.
  • Length: 5:45
Show
View Real Time Build Order
Export as new Build Order

Requiem Protoss - Winner!

Build Orders: Oracle Opening 

Get SALT Encoding   

  12  0:01  Probe (Chrono Boost)  
  13  0:11  Probe (Chrono Boost)  
  14  0:18  Pylon  
  14  0:22  Probe (Chrono Boost)  
  15  0:36  Gateway  
  15  0:38  Probe (Chrono Boost)  
  16  0:45  Assimilator  
  16  0:49  Probe (Chrono Boost)  
  17  0:53  Assimilator  
  17  0:59  Probe (Chrono Boost)  
  18  1:10  Probe (Chrono Boost)  
  18  1:11  Pylon  
  19  1:21  Probe (Chrono Boost)  
  20  1:27  Cybernetics Core  
  20  1:31  Probe (Chrono Boost)  
  21  1:37  Pylon  
  21  1:42  Probe (Chrono Boost)  
  22  1:52  Probe (Chrono Boost)  
  23  2:03  Probe (Chrono Boost), Stargate  
  23  2:06  Warp Gate  
  24  2:11  Adept (Chrono Boost)  
  26  2:20  Mothership Core (Chrono Boost)  
  28  2:47  Oracle (Chrono Boost)  
  31  2:57  Gateway  
  31  2:59  Pylon  
  31  3:01  Stalker (Chrono Boost)  
  33  3:22  Pylon  
  33  3:23  Gateway  
  31  3:35  Stalker (Chrono Boost)  
  31  3:54  Stalker (Chrono Boost)  
  31  3:55  Robotics Facility  
  33  4:17  Nexus  
  31  4:26  Void Ray  
  35  4:37  Forge  
  35  4:46  Observer (Chrono Boost)  
  35  4:48  Stalker  
  35  4:50  Stalker  
  40  5:05  Observer (Chrono Boost)  
  40  5:20  Adept x2  
  40  5:21  Adept  
Show
View Real Time Build Order
Export as new Build Order

LilDicky Terran 

Build Orders: MMM Bio 

Get SALT Encoding   

  12  0:01  SCV  
  13  0:13  SCV  
  14  0:18  Supply Depot  
  14  0:25  SCV  
  15  0:29  Refinery  
  15  0:40  SCV  
  16  0:45  Barracks  
  16  0:53  SCV  
  17  1:05  SCV  
  18  1:17  SCV  
  20  1:34  Factory, Marine  
  20  1:35  Supply Depot, Orbital Command  
  20  1:52  Marine  
  21  2:01  SCV, Barracks  
  22  2:07  Barracks  
  22  2:13  SCV  
  23  2:16  Barracks Reactor  
  23  2:21  Refinery  
  23  2:27  SCV  
  24  2:39  Widow Mine  
  24  2:41  SCV  
  27  2:49  Barracks Tech Lab  
  27  2:54  Barracks Tech Lab  
  27  3:07  SCV  
  27  3:09  Widow Mine  
  30  3:13  Combat Shields, Stimpack  
  30  3:14  Marine  
  31  3:21  Supply Depot  
  31  3:29  Marine  
  31  3:31  Marine  
  31  3:32  SCV  
  31  3:33  Marine x2  
  26  3:44  SCV  
  26  3:47  Marine  
  26  3:48  Widow Mine  
  24  3:49  Marine  
  24  3:50  Marine  
  24  3:51  Marine  
  27  3:56  SCV  
  28  4:04  Marine  
  28  4:06  Marine  
  28  4:08  Marine  
  28  4:09  Marine  
  30  4:22  Marine  
  30  4:23  SCV  
  32  4:24  Marine  
  32  4:26  Marine  
  32  4:27  Marauder  
  36  4:35  SCV  
  37  4:41  Marauder  
  39  4:47  Supply Depot  
  39  4:53  Concussive Shells  
  39  5:08  Marine, Marauder  
  39  5:09  Marine  
  28  5:22  SCV  
  28  5:23  Marine  
  28  5:26  Marine x2  
Tags
 
Add a new tag
Caveats
  • Supply blocks, unpowered buildings, or Contaminate may cause inaccurate times.
  • Supply counts are checked every 10 seconds.